3344 views
Uploaded 2020-08-12 23:23:09
Game version 1.32.8
10:37 long 1on1on1on1 ladder game on (8)MarketSquare
Saved by pure
3344 views
Uploaded 2020-08-12 23:23:09
Game version 1.32.8
10:37 long 1on1on1on1 ladder game on (8)MarketSquare

/ 0k
24 buildings @ 2.2k
/ 1k


| Peasant | 19 | 1425 | / | 0 |
| Footman | 6 | 810 | / | 0 |
| total: | 25 | 2235g | / | 0w |
| Scout Tower | 9 | 270 | / | 180 |
| Arcane Tower | 1 | 70 | / | 50 |
| Guard Tower | 4 | 280 | / | 200 |
| Altar of Kings | 1 | 180 | / | 50 |
| Farm | 7 | 560 | / | 140 |
| Barracks | 1 | 160 | / | 60 |
| Lumber Mill | 1 | 120 | / | 0 |
| Town Hall | 1 | 385 | / | 205 |
| Arcane Vault | 1 | 130 | / | 30 |
| Blacksmith | 1 | 140 | / | 60 |
| Gryphon Aviary | 2 | 280 | / | 300 |
| Keep | 3 | 960 | / | 630 |
| Castle | 2 | 720 | / | 420 |
| total: | 24 | 2225g | / | 1025w |
| 0:01 | Peasant |
| 0:02 | Peasant |
| 0:05 | Altar of Kings |
| 0:18 | Farm |
| 0:20 | Barracks |
| 0:34 | Peasant |
| 0:52 | Farm |
| 1:02 | Peasant |
| 1:18 | Peasant |
| 1:27 | Peasant |
| 1:28 | Footman |
| 1:34 | Footman |
| 1:43 | Farm |
| 1:56 | Peasant |
| 2:15 | Summon Water Elemental |
| 2:18 | Peasant |
| 2:20 | Farm |
| 2:29 | Footman |
| 2:52 | Footman |
| 3:01 | Peasant |
| 3:19 | Footman |
| 3:23 | Brilliance Aura |
| 3:46 | Lumber Mill |
| 4:16 | Footman |
| 4:18 | Peasant |
| 4:34 | Town Hall |
| 4:51 | Scout Tower |
| 4:52 | Summon Water Elemental |
| 4:58 | Peasant |
| 5:18 | Arcane Tower |
| 5:30 | Scout Tower |
| 5:31 | Scout Tower |
| 5:32 | Scout Tower |
| 5:44 | Peasant |
| 5:45 | Peasant |
| 5:46 | Peasant |
| 5:47 | Peasant |
| 6:08 | Scout Tower |
| 6:09 | Scout Tower |
| 6:10 | Scout Tower |
| 6:11 | Scout Tower |
| 6:11 | Scout Tower |
| 6:12 | Peasant |
| 6:15 | Keep |
| 6:25 | Brilliance Aura |
| 6:29 | Guard Tower |
| 6:34 | Arcane Vault |
| 7:02 | Guard Tower |
| 7:05 | Peasant |
| 7:05 | Peasant |
| 7:05 | Peasant |
| 7:08 | Blacksmith |
| 7:10 | Farm |
| 7:11 | Farm |
| 7:11 | Farm |
| 7:59 | Guard Tower |
| 8:25 | Guard Tower |
| 8:37 | Castle |
| 8:40 | Improved Lumber Harvesting |
| 9:18 | Gryphon Aviary |
| 9:19 | Gryphon Aviary |
| 9:33 | Storm Bolt |
| Right click | 849 |
| Select | 241 |
| Select group | 199 |
| Chat | 126 |
| Build/train/purchase | 66 |
| Assign group | 40 |
| Use ability | 3 |
| Misc. action | 2 |
| Item give/drop | 1 |
17 units @ 2.2k
/ 0.2k
14 buildings @ 2.3k
/ 0.7k


| Rod of Necromancy | 2 | 300 |
| total: | 2 | 300g |
| Acolyte | 8 | 600 | / | 0 |
| Ghoul | 4 | 480 | / | 0 |
| Crypt Fiend | 3 | 645 | / | 120 |
| Assassin | 2 | 500 | / | 60 |
| total: | 17 | 2225g | / | 180w |
| Spirit Tower | 3 | 435 | / | 120 |
| Altar of Darkness | 1 | 180 | / | 50 |
| Ziggurat | 7 | 1050 | / | 350 |
| Crypt | 2 | 400 | / | 100 |
| Tomb of Relics | 1 | 130 | / | 30 |
| Graveyard | 1 | 215 | / | 0 |
| Necropolis | 1 | 225 | / | 0 |
| Sacrificial Pit | 1 | 75 | / | 150 |
| Halls of the Dead | 1 | 320 | / | 210 |
| Black Citadel | 1 | 325 | / | 230 |
| total: | 14 | 2275g | / | 680w |
| 0:05 | Acolyte |
| 0:08 | Altar of Darkness |
| 0:09 | Ziggurat |
| 0:19 | Acolyte |
| 0:35 | Crypt |
| 0:49 | Tomb of Relics |
| 1:26 | Graveyard |
| 1:38 | Ghoul |
| 1:39 | Ghoul |
| 2:10 | Carrion Beetles |
| 2:11 | Rod of Necromancy |
| 2:11 | Rod of Necromancy |
| 2:21 | Ghoul |
| 2:45 | Ghoul |
| 2:51 | Crypt |
| 3:24 | Ziggurat |
| 3:26 | Acolyte |
| 3:33 | Ziggurat |
| 3:58 | Creature Attack |
| 3:58 | Improved Creature Attack |
| 4:00 | Acolyte |
| 4:15 | Impale |
| 4:28 | Crypt Fiend |
| 4:30 | Acolyte |
| 5:19 | Acolyte |
| 5:20 | Acolyte |
| 5:23 | Crypt Fiend |
| 5:34 | Assassin |
| 5:34 | Assassin |
| 5:54 | Carrion Beetles |
| 6:17 | Halls of the Dead |
| 6:24 | Ziggurat |
| 6:32 | Creature Carapace |
| 7:46 | Impale |
| 8:17 | Necropolis |
| 8:45 | Ziggurat |
| 8:46 | Ziggurat |
| 8:59 | Black Citadel |
| 9:26 | Crypt Fiend |
| 9:27 | Advanced Creature Attack |
| 9:50 | Spirit Tower |
| 9:50 | Spirit Tower |
| 9:52 | Ziggurat |
| 10:08 | Sacrificial Pit |
| 10:10 | Acolyte |
| 10:16 | Frost Nova |
| 10:35 | Carrion Beetles |
| Right click | 353 |
| Select | 152 |
| Select group | 103 |
| Build/train/purchase | 85 |
| Misc. action | 65 |
| Chat | 39 |
| Assign group | 24 |
| Use ability | 7 |
| Remove unit | 2 |
30 units @ 3.2k
/ 0.3k
15 buildings @ 2.6k
/ 0.9k


| Healing Salve | 1 | 100 |
| Lesser Clarity Potion | 1 | 70 |
| Scroll of Speed | 2 | 100 |
| total: | 4 | 270g |
| Peon | 16 | 1200 | / | 0 |
| Troll Headhunter | 14 | 1960 | / | 280 |
| total: | 30 | 3160g | / | 280w |
| Watch Tower | 2 | 220 | / | 160 |
| Altar of Storms | 2 | 360 | / | 100 |
| Orc Burrow | 5 | 800 | / | 200 |
| War Mill | 1 | 205 | / | 0 |
| Barracks | 2 | 360 | / | 100 |
| Voodoo Lounge | 1 | 130 | / | 30 |
| Great Hall | 1 | 385 | / | 185 |
| Spirit Lodge | 1 | 150 | / | 150 |
| Stronghold | 2 | 630 | / | 380 |
| Fortress | 1 | 325 | / | 190 |
| total: | 15 | 2610g | / | 925w |
| 0:01 | Peon |
| 0:01 | Peon |
| 0:04 | Altar of Storms |
| 0:05 | Altar of Storms |
| 0:13 | Orc Burrow |
| 0:26 | Peon |
| 0:31 | Peon |
| 0:56 | Peon |
| 1:10 | Peon |
| 1:27 | War Mill |
| 1:28 | Barracks |
| 1:33 | Peon |
| 1:50 | Barracks |
| 2:03 | Orc Burrow |
| 2:05 | Endurance Aura |
| 2:37 | Troll Headhunter |
| 2:50 | Troll Headhunter |
| 2:59 | Troll Headhunter |
| 3:00 | Troll Headhunter |
| 3:15 | Troll Headhunter |
| 3:25 | Steel Ranged Weapons |
| 3:47 | Voodoo Lounge |
| 3:51 | Troll Headhunter |
| 4:07 | Orc Burrow |
| 4:18 | War Stomp |
| 4:33 | Stronghold |
| 5:12 | Troll Headhunter |
| 5:26 | War Stomp |
| 5:31 | Great Hall |
| 5:47 | Troll Headhunter |
| 6:01 | Troll Headhunter |
| 6:15 | Troll Headhunter |
| 6:15 | Troll Headhunter |
| 6:52 | Endurance Aura |
| 6:53 | Thorium Ranged Weapons |
| 7:08 | Peon |
| 7:51 | Fortress |
| 8:03 | Peon |
| 8:03 | Peon |
| 8:03 | Peon |
| 8:03 | Peon |
| 8:10 | Peon |
| 8:10 | Peon |
| 8:21 | Healing Salve |
| 8:27 | Lesser Clarity Potion |
| 8:28 | Scroll of Speed |
| 8:28 | Scroll of Speed |
| 8:42 | Troll Headhunter |
| 8:44 | Hex |
| 9:02 | Troll Headhunter |
| 9:24 | Spirit Lodge |
| 9:29 | Orc Burrow |
| 9:30 | Orc Burrow |
| 9:32 | Watch Tower |
| 9:32 | Watch Tower |
| 9:48 | Troll Headhunter |
| 10:01 | Healing Wave |
| 10:28 | Peon |
| 10:28 | Peon |
| Select group | 1251 |
| Right click | 798 |
| Select | 250 |
| Assign group | 117 |
| Misc. action | 87 |
| Build/train/purchase | 71 |
| Use ability | 12 |
| Item give/drop | 2 |
17 units @ 1.8k
/ 0.2k
9 buildings @ 1.7k
/ 0.5k



| Healing Salve | 2 | 200 |
| Scroll of Speed | 1 | 50 |
| Lesser Clarity Potion | 2 | 140 |
| Tiny Great Hall | 2 | 1200 |
| Scroll of Town Portal | 1 | 350 |
| total: | 8 | 1940g |
| Peon | 9 | 675 | / | 0 |
| Troll Headhunter | 8 | 1120 | / | 160 |
| total: | 17 | 1795g | / | 160w |
| Orc Burrow | 4 | 640 | / | 160 |
| Altar of Storms | 1 | 180 | / | 50 |
| War Mill | 1 | 205 | / | 0 |
| Barracks | 1 | 180 | / | 50 |
| Voodoo Lounge | 1 | 130 | / | 30 |
| Great Hall | 1 | 385 | / | 185 |
| Stronghold | 2 | 630 | / | 380 |
| Fortress | 2 | 650 | / | 380 |
| total: | 9 | 1720g | / | 475w |
| 0:01 | Peon |
| 0:02 | Peon |
| 0:18 | Orc Burrow |
| 0:24 | Peon |
| 0:33 | Altar of Storms |
| 0:44 | Peon |
| 0:48 | War Mill |
| 0:56 | Peon |
| 1:04 | Barracks |
| 1:17 | Peon |
| 1:17 | Peon |
| 1:21 | Peon |
| 1:42 | Orc Burrow |
| 1:50 | Peon |
| 2:05 | Troll Headhunter |
| 2:17 | Troll Headhunter |
| 2:25 | Voodoo Lounge |
| 2:35 | Mirror Image |
| 2:45 | Troll Headhunter |
| 3:07 | Troll Headhunter |
| 3:23 | Stronghold |
| 3:33 | Troll Headhunter |
| 3:33 | Troll Headhunter |
| 3:51 | Troll Headhunter |
| 4:38 | Great Hall |
| 4:39 | Critical Strike |
| 4:47 | Orc Burrow |
| 4:51 | Steel Ranged Weapons |
| 5:25 | Mirror Image |
| 5:54 | Fortress |
| 6:07 | Troll Regeneration |
| 6:08 | Steel Armor |
| 6:43 | Troll Headhunter |
| 6:46 | Orc Burrow |
| 7:30 | Healing Salve |
| 7:31 | Scroll of Speed |
| 7:31 | Lesser Clarity Potion |
| 7:32 | Hex |
| 8:09 | Healing Salve |
| 8:09 | Lesser Clarity Potion |
| 8:11 | Scroll of Town Portal |
| 9:28 | War Stomp |
| 9:38 | Tiny Great Hall |
| 9:38 | Tiny Great Hall |
| Right click | 777 |
| Select group | 279 |
| Select | 239 |
| Chat | 114 |
| Misc. action | 89 |
| Assign group | 82 |
| Build/train/purchase | 63 |
| Use ability | 7 |
| Esc | 1 |
⇛